 Dungeon Crawl Stone Soup version 0.19.5 (webtiles) character file.

109 Inchmeat the Skirmisher (level 4, -1/39 HPs)
             Began as a Demonspawn Monk on May 23, 2017.
             Killed from afar by Natasha (9 damage)
             ... with a magic dart
             ... on level 2 of the Dungeon.
             The game lasted 00:05:10 (1339 turns).

Inchmeat the Skirmisher (Demonspawn Monk)           Turns: 1339, Time: 00:05:11

Health: -1/39      AC:  4    Str: 12    XL:     4   Next: 59%
Magic:  4/4        EV: 13    Int: 11    God:
Gold:   84         SH:  0    Dex: 16    Spells: 0 memorised, 3 levels left

rFire  . . .     SeeInvis .     a - +0 hand axe
rCold  . . .     Gourm    .     j - +0 robe (curse)
rNeg   . . .     Faith    .     (no shield)
rPois  .         Spirit   .     (no helmet)
rElec  .         Reflect  .     (no cloak)
rCorr  .         Harm     .     (no gloves)
MR     .....                    (no boots)
Stlth  ++........               (no amulet)
                                (no ring)
                                (no ring)

@: flying
A: claws 1, thin metallic scales 1
a: no special abilities


You were on level 2 of the Dungeon.
You were not hungry.

You visited 1 branch of the dungeon, and saw 2 of its levels.

You collected 84 gold pieces.

Inventory:

Hand Weapons
 a - a +0 hand axe (weapon)
Missiles
 e - 6 javelins of returning (quivered)
Armour
 j - a cursed +0 robe (worn)
Scrolls
 g - a scroll of enchant weapon {unknown}
 h - a scroll of random uselessness {unknown}
 i - 2 scrolls of immolation {unknown}
 o - a scroll of remove curse {unknown}
Comestibles
 c - 2 bread rations
 f - a meat ration
 m - a slice of pizza
 p - 4 fruits


   Skills:
 * Level 5.1 Fighting
 - Level 2.6 Axes
 - Level 2.6 Dodging
 - Level 1.7 Stealth
 * Level 1.1 Unarmed Combat


You had 3 spell levels left.
You didn't know any spells.

Dungeon Overview and Level Annotations

Branches:
Dungeon (2/15)

Altars:

Annotations:
D:2 Natasha


Innate Abilities, Weirdness & Mutations

You have sharp fingernails.
You are partially covered in thin metallic scales. (AC +2)


Message History

The shadow imp disappears in a puff of smoke!
You hit Natasha.
Natasha is severely wounded.
Natasha claws you but does no damage.
You hit Natasha but do no damage.
Natasha is severely wounded.
Natasha barely misses you. Natasha claws you.
* * * LOW HITPOINT WARNING * * *
You slash Natasha!
You kill Natasha!
Natasha growls in agony!
Your Fighting skill increases to level 5!
You start resting.
Natasha, Servant of Life and Death comes into view.
Natasha is nearby!
Natasha stares at you and mumbles some strange words.
You resist with some effort.
Natasha stares at you and mumbles some strange words.
The magic dart hits you!
You die...

#### ..... ...... ......
########### ......
######........@##......
#.....§.§..............
#......§h..(.=....!....
#......§..........#####
#.................#
#..÷..............#
###.................#####
(...)....................
##..................#####


You could see Natasha.

Vanquished Creatures
  Natasha (twice) (D:2)
  An adder (D:2)
  An ooze (D:1)
  A dart slug (D:1)
  2 leopard geckos (D:2)
  2 ball pythons (D:2)
  A bat (D:2)
  3 giant cockroaches
  2 goblins (D:1)
  4 hobgoblins
  10 jackals
  3 kobolds
  A frilled lizard (D:1)
  5 rats
38 creatures vanquished.

Notes
Turn   | Place    | Note
-------+----------+-------------------------------------------
     0 | D:1      | Inchmeat the Demonspawn Monk began the quest for the Orb.
     0 | D:1      | Reached XP level 1. HP: 18/18 MP: 1/1
   344 | D:1      | Gained mutation: You have sharp fingernails. [demonic ancestry]
   344 | D:1      | Reached XP level 2. HP: 20/24 MP: 2/2
   467 | D:1      | Reached skill level 4 in Fighting
   572 | D:2      | Gained mutation: You are partially covered in thin metallic scales. (AC +2) [demonic ancestry]
   572 | D:2      | Reached XP level 3. HP: 7/30 MP: 3/3
   923 | D:2      | Noticed Natasha
   929 | D:2      | Killed Natasha
  1008 | D:2      | Reached XP level 4. HP: 36/38 MP: 4/4
  1230 | D:2      | Reached skill level 1 in Unarmed Combat
  1311 | D:2      | Noticed Natasha
  1325 | D:2      | Killed Natasha
  1325 | D:2      | Reached skill level 5 in Fighting
  1330 | D:2      | Noticed Natasha
  1339 | D:2      | Killed from afar by Natasha

Skill      XL: |  1  2  3  4 |
---------------+-------------+-----
Fighting       | 4 5 |  5.1
Unarmed Combat | 1 |  1.1
Axes           | |  2.6
Dodging        | |  2.6
Stealth        | |  1.7

Action                   |  1- 3 |  4- 6 || total
-------------------------+-------+-------++-------
Melee: Hand axe          |    71 |    61 ||   132
Throw: Javelin           |    19 |     2 ||    21
  Use: Potion            |     3 |     1 ||     4
       Scroll            |     1 |     1 ||     2
 Stab: Distracted        |     1 |       ||     1
       Sleeping          |       |     2 ||     2
  Eat: Chunk             |     1 |     1 ||     2
Armor: Robe              |    10 |    16 ||    26
Dodge: Dodged            |    40 |    62 ||   102
